 Dungeon Crawl Stone Soup version 0.17.1-1-g73c8601 (webtiles) character file.

139 Runnr the Covered (level 5, 0/42 HPs)
             Began as a Human Fighter on Dec 27, 2015.
             Slain by Sigmund
             ... wielding a +0 scythe
              (10 damage)
             ... on level 3 of the Dungeon.
             The game lasted 00:04:02 (1939 turns).

Runnr the Covered (Human Fighter)                   Turns: 1939, Time: 00:04:02

Health: 0/42       AC:  8    Str: 17    XL:     5   Next: 46%
Magic:  5/5        EV:  7    Int:  8    God:
Gold:   57         SH:  9    Dex: 13    Spells: 0 memorised, 4 levels left

rFire  + . .     SeeInvis .     a - +0 war axe
rCold  + . .     Clarity  .     b - +0 scale mail
rNeg   + . .     SustAt   .     c - +0 shield
rPois  +         Gourm    .     i - +0 helmet
rElec  +         Spirit   .     (no cloak)
rCorr  +         Warding  +     (no gloves)
rMut   .         Stasis   .     (no boots)
MR     .....                    n - amulet of warding
Stlth  ..........               (no ring)
                                (no ring)

@: resistant, not resistant to hostile enchantments, extremely unstealthy
A: no striking features
a: no special abilities


You were on level 3 of the Dungeon.
You were not hungry.

You visited 1 branch of the dungeon, and saw 3 of its levels.

You collected 57 gold pieces.

Inventory:

Hand Weapons
 a - a +0 war axe (weapon)
Armour
 b - a +0 scale mail (worn)
 c - a +0 shield (worn)
 i - a +0 helmet (worn)
Jewellery
 n - an amulet of warding (around neck)
Wands
 r - a wand of magic darts (28)
Scrolls
 f - a scroll of fog {unknown}
 g - 5 scrolls of identify {unknown}
 l - a scroll of enchant weapon {unknown}
 o - 3 scrolls of fear {unknown}
 s - a scroll of enchant armour {unknown}
 t - 2 scrolls of remove curse {unknown}
 u - a scroll of teleportation {unknown}
 x - a scroll of blinking {unknown}
Potions
 d - a potion of might
 h - a potion of curing
 j - a potion of resistance
 m - 2 potions of lignification {unknown}
 p - a potion of brilliance {unknown}
 v - a potion of agility {unknown}
 w - a potion of mutation {unknown}
Comestibles
 e - 5 bread rations
 k - 3 slices of pizza
 q - a meat ration
 z - 7 chunks of flesh


   Skills:
 + Level 3.8 Fighting
 + Level 3.0 Axes
 + Level 4.1 Armour
 + Level 3.6 Shields


You had 4 spell levels left.
You didn't know any spells.

Dungeon Overview and Level Annotations

Branches:
Dungeon (3/15)

Altars:
Qazlal

Annotations:
D:3 Sigmund


Message History

You closely miss something. Something hits you!
* * * LOW HITPOINT WARNING * * *
Drink which item? (? for menu, Esc to quit)
It was a potion of curing.
You feel better. Something hits you.
* * * LOW HITPOINT WARNING * * *
You miss something.
Sigmund appears from thin air!
Reactivating autopickup.
Sigmund hits you with a scythe!
* * * LOW HITPOINT WARNING * * *
Drink which item? (? for menu, Esc to quit)
You feel better.
Sigmund casts a spell.
Sigmund flickers and vanishes!
Deactivating autopickup; reactivate with Ctrl-A.
Drink which item? (? for menu, Esc to quit)
It was a potion of resistance.
You feel protected. You block its attack.
You barely miss something. Something hits you!
You die...

...#..# #.........#...#
........#####.............#
... #....................#
..###..................##
....#.............)...#.....
#.#.#........##.........#...
#.#....÷........#....#### ##
..............###....###..#
....#..S.....##†@{.........
..#.###.##..##..##...#....
..#.# #.##.....##..........
.<#.# #.......###......#.##
#...# ###..........#.....#
#.#.# #........#####.###
.............#...# .#
..........####...# #
.....#................#


There were no monsters in sight!

Vanquished Creatures
  Jessica (D:3)
  4 adders
  An ooze (D:2)
  2 worms (D:2)
  An orc (D:3)
  10 hobgoblins
  3 jackals
  8 kobolds
  5 quokkas (D:2)
  8 bats
  5 giant cockroaches
  A giant gecko (D:2)
  3 giant newts
  9 goblins
  A jackal skeleton (D:3)
  6 rats
68 creatures vanquished.

Notes
Turn   | Place    | Note
--------------------------------------------------------------
     0 | D:1      | Runnr the Human Fighter began the quest for the Orb.
     0 | D:1      | Reached XP level 1. HP: 18/18 MP: 1/1
   241 | D:1      | Reached XP level 2. HP: 16/24 MP: 2/2
   552 | D:1      | Reached XP level 3. HP: 26/29 MP: 3/3
   869 | D:2      | Found a stormy altar of Qazlal.
  1001 | D:2      | Reached XP level 4. HP: 27/35 MP: 4/4
  1668 | D:2      | Reached skill level 4 in Armour
  1668 | D:2      | Reached XP level 5. HP: 38/41 MP: 5/5
  1805 | D:3      | Noticed Jessica
  1811 | D:3      | Killed Jessica
  1905 | D:3      | Noticed Sigmund
  1939 | D:3      | Slain by Sigmund

Action                   |  1- 3 |  4- 6 || total
-------------------------+-------+-------++-------
Melee: War axe           |   132 |   144 ||   276
  Use: Potion            |       |     3 ||     3
  Eat: Chunk             |       |     4 ||     4
